Map: Ruins of Endion

Players

Iaguz - Winner!

  • Race: Terran Terran

HuK

  • Race: Protoss Protoss

Event: DreamHack Open Tours WCS Spring Championship

VOD

Have the link to the VOD?

Description

Time

  • Played on: May 14, 2016, 1:21 p.m.
  • Length: 27:40

All games in this series

Show
View Real Time Build Order
Export as new Build Order

Iaguz Terran - Winner!

Build Orders: MMM Bio 

Get SALT Encoding   

  12  0:00  SCV  
  13  0:12  SCV  
  14  0:17  Supply Depot  
  14  0:24  SCV  
  15  0:38  SCV  
  15  0:40  Barracks  
  16  0:44  Refinery  
  16  0:50  SCV  
  17  1:03  SCV  
  18  1:15  SCV  
  19  1:27  Barracks Reactor  
  19  1:28  Orbital Command  
  19  1:43  Command Center  
  19  1:53  Supply Depot, SCV  
  20  2:06  SCV, Marine x2  
  23  2:15  Factory  
  23  2:18  SCV  
  24  2:23  Marine  
  24  2:24  Reaper  
  26  2:30  SCV  
  27  2:44  SCV  
  28  2:49  Command Center  
  28  2:56  SCV  
  29  3:00  Orbital Command  
  29  3:08  SCV  
  29  3:10  Hellion  
  32  3:13  Hellion  
  32  3:15  Barracks Tech Lab  
  34  3:20  SCV  
  34  3:25  Barracks  
  34  3:26  SCV  
  36  3:34  SCV, Marine  
  37  3:37  Barracks  
  37  3:39  SCV  
  39  3:41  Stimpack  
  39  3:43  Widow Mine  
  41  3:49  SCV  
  41  3:52  SCV  
  43  3:59  Bunker  
  43  4:01  SCV  
  43  4:02  Orbital Command  
  44  4:05  SCV  
  45  4:13  SCV, Factory Tech Lab  
  47  4:17  SCV  
  47  4:25  SCV, Marine  
  47  4:27  Marine x2  
  47  4:28  SCV  
  47  4:29  SCV  
  53  4:32  Refinery  
  53  4:35  Engineering Bay  
  53  4:37  SCV  
  54  4:39  Marine, Siege Tank  
  54  4:40  SCV  
  54  4:41  SCV  
  54  4:43  Refinery  
  56  4:47  Marauder, Marine  
  56  4:49  SCV  
  60  4:57  Supply Depot x2  
  60  4:59  Marine  
  61  5:09  Starport  
  61  5:15  SCV x2, Marauder, Marine  
  61  5:19  Factory Reactor  
  66  5:22  Refinery  
  66  5:24  Barracks  
  66  5:25  Orbital Command, Barracks  
  66  5:27  Supply Depot, SCV x2  
  68  5:28  Terran Infantry Weapons Level 1  
  67  5:36  Marine x2  
  67  5:37  Marauder x2  
  67  5:39  SCV x2  
  75  5:51  SCV x2  
  75  5:53  SCV  
  78  5:58  Marine x2  
  78  6:03  SCV x2, Marauder x2, Medivac  
  78  6:04  Medivac  
  90  6:11  Widow Mine  
  90  6:12  Barracks Reactor  
  90  6:14  Barracks Tech Lab  
  90  6:15  SCV x2  
  93  6:18  Supply Depot  
  93  6:20  Supply Depot  
  93  6:21  Supply Depot  
  93  6:24  Liberator  
  93  6:25  Supply Depot  
  93  6:32  Liberator  
  93  6:39  Marine x2  
  93  6:40  SCV x2, Marauder x2  
  93  6:41  Refinery x2, SCV  
  105  6:48  Marine x3  
  105  6:52  SCV x2  
  105  6:53  SCV  
  114  7:00  Marine x2  
  116  7:01  Marauder  
  116  7:04  SCV x2  
  116  7:06  SCV, Starport  
  121  7:10  Marauder x2  
  121  7:15  Supply Depot x2  
  125  7:16  Supply Depot x2, Marine x2  
  125  7:19  Liberator  
  125  7:20  Supply Depot  
  125  7:22  Factory Tech Lab, Fusion Core  
  127  7:23  Marauder  
  129  7:31  Marauder  
  129  7:32  Marine x2  
  136  7:37  Combat Shields, Supply Depot  
  136  7:38  Supply Depot  
  136  7:42  Liberator  
  136  7:43  Supply Depot, Marine x2  
  136  7:44  Marauder  
  140  7:57  Marine, Liberator  
  140  7:58  Marauder x2, Marine  
  144  8:01  Marine  
  144  8:04  SCV x3  
  144  8:05  Marauder  
  146  8:12  Advanced Ballistics  
  148  8:22  Armory, Engineering Bay  
  148  8:29  Marine x3  
  148  8:30  Marauder x3, Marine  
  158  8:41  Concussive Shells  
  158  8:42  Liberator x2  
  158  8:47  Marine x3  
  161  8:51  Marauder x3  
  161  8:52  Terran Infantry Armor Level 1  
  161  8:53  Marine  
  168  8:57  Liberator  
  174  9:05  Marine x2  
  176  9:12  Marauder  
  176  9:13  Marauder, Marine x3  
  186  9:23  Marine x2, Widow Mine  
  190  9:30  Marine  
  194  9:34  Missile Turret  
  191  9:41  Supply Depot, Missile Turret  
  190  9:46  Liberator x3  
  190  9:48  Marine  
  190  9:49  Marauder  
  192  9:58  Marine  
  192  9:59  Marauder, Marine  
  191  10:02  Marauder, Marine  
  191  10:06  Marine  
  196  10:10  Marauder  
  164  10:16  Marine x2  
  164  10:19  Marine  
  164  10:20  Marauder  
  152  10:21  SCV x2  
  152  10:22  SCV  
  133  10:46  Marine x2  
  133  10:47  Marauder x2  
  139  10:51  Medivac x2  
  143  11:00  Terran Infantry Weapons Level 2  
  143  11:07  Marauder, Marine x3  
  124  11:43  Marauder, Marine x6  
  125  12:01  Marine x5  
  113  12:02  Marauder  
  114  12:04  Marine  
Show
View Real Time Build Order
Export as new Build Order

HuK Protoss 

Build Orders: 1 Gate Expand, Blink Stalkers 

Get SALT Encoding   

  12  0:00  Probe (Chrono Boost)  
  13  0:11  Probe (Chrono Boost)  
  14  0:18  Pylon  
  14  0:22  Probe (Chrono Boost)  
  15  0:36  Probe (Chrono Boost), Gateway  
  15  0:41  Assimilator  
  16  0:46  Probe (Chrono Boost)  
  18  0:57  Probe (Chrono Boost)  
  18  1:07  Probe (Chrono Boost)  
  19  1:18  Probe (Chrono Boost)  
  20  1:23  Cybernetics Core  
  20  1:28  Probe (Chrono Boost)  
  21  1:35  Nexus  
  21  1:39  Pylon  
  21  1:43  Probe (Chrono Boost)  
  22  1:49  Assimilator  
  22  1:53  Probe (Chrono Boost)  
  25  2:05  Adept  
  25  2:07  Probe (Chrono Boost)  
  26  2:15  Twilight Council  
  25  2:17  Probe (Chrono Boost)  
  26  2:23  Warp Gate (Chrono Boost)  
  26  2:28  Probe (Chrono Boost)  
  27  2:38  Probe (Chrono Boost)  
  28  2:48  Blink (Chrono Boost), Probe (Chrono Boost)  
  28  2:49  Probe (Chrono Boost)  
  30  2:58  Probe (Chrono Boost)  
  30  3:00  Probe (Chrono Boost)  
  32  3:10  Mothership Core (Chrono Boost)  
  32  3:11  Probe (Chrono Boost)  
  35  3:21  Probe (Chrono Boost)  
  35  3:22  Nexus  
  36  3:28  Probe (Chrono Boost)  
  37  3:34  Probe (Chrono Boost), Gateway  
  37  3:38  Gateway  
  37  3:40  Probe (Chrono Boost)  
  39  3:46  Probe (Chrono Boost)  
  40  3:49  Robotics Facility  
  40  3:56  Probe (Chrono Boost)  
  40  3:58  Assimilator  
  40  4:02  Assimilator  
  40  4:10  Probe  
  36  4:24  Probe  
  36  4:27  Adept  
  36  4:29  Probe  
  40  4:36  Probe  
  41  4:42  Observer  
  42  4:49  Probe x2 (Chrono Boost)  
  44  4:53  Probe (Chrono Boost)  
  46  5:00  Probe x2 (Chrono Boost)  
  46  5:05  Probe (Chrono Boost)  
  49  5:07  Observer  
  49  5:11  Stalker x2  
  49  5:13  Stalker  
  55  5:17  Probe x2 (Chrono Boost)  
  57  5:26  Probe (Chrono Boost)  
  58  5:29  Probe (Chrono Boost)  
  58  5:32  Probe (Chrono Boost)  
  58  5:34  Forge  
  60  5:36  Forge  
  60  5:37  Probe (Chrono Boost), Resonating Glaives (Chrono Boost)  
  60  5:41  Pylon  
  60  5:53  Probe  
  61  5:57  Probe x2, Pylon  
  61  5:59  Immortal  
  67  6:05  Probe  
  67  6:08  Probe  
  69  6:15  Probe  
  69  6:16  Protoss Ground Armor Level 1 (Chrono Boost), Protoss Ground Weapons Level 1 (Chrono Boost)  
  69  6:17  Probe  
  71  6:19  Stalker x3  
  71  6:23  Pylon  
  77  6:32  Pylon  
  77  6:33  Pylon  
  77  6:40  Warp Prism  
  77  6:41  Probe x3  
  77  6:44  Sentry  
  84  6:48  Pylon  
  84  6:52  Pylon  
  84  6:53  Probe, Sentry x2  
  89  6:58  Gateway x2  
  89  6:59  Gateway  
  89  7:02  Gateway  
  89  7:06  Dark Shrine  
  89  7:07  Pylon  
  89  7:10  Stalker  
  89  7:14  Probe  
  89  7:15  Probe  
  93  7:23  Adept x2  
  93  7:27  Observer  
  93  7:28  Probe  
  99  7:33  Probe  
  99  7:34  Pylon, Assimilator  
  99  7:35  Assimilator  
  100  7:37  Pylon  
  100  7:41  Protoss Ground Weapons Level 2 (Chrono Boost), Protoss Ground Armor Level 2 (Chrono Boost)  
  100  7:43  Photon Cannon, Pylon  
  100  7:44  Adept x3  
  100  7:48  Immortal (Chrono Boost)  
  110  8:05  Probe x2  
  106  8:10  Probe  
  106  8:11  Adept x6  
  119  8:17  Probe  
  118  8:24  Pylon  
  118  8:33  Pylon  
  118  8:40  Adept x4  
  130  8:50  Warp Prism (Chrono Boost)  
  130  8:52  Stalker x2  
  130  8:53  Stalker  
  132  9:01  Gateway  
  132  9:02  Gateway  
  132  9:04  Gateway  
  132  9:06  Stalker x3  
  132  9:07  Pylon  
  138  9:10  Pylon, Stalker  
  140  9:19  Dark Templar  
  140  9:21  Stalker x2  
  146  9:29  Immortal (Chrono Boost)  
  148  9:33  Dark Templar  
  148  9:38  Dark Templar x2  
  152  9:41  Dark Templar  
  156  9:51  Adept x2  
  156  9:53  Pylon  
  156  9:54  Pylon x2  
  144  10:12  Dark Templar  
  144  10:13  Adept x2  
  114  10:14  Adept x3  
  114  10:15  Adept  
  92  10:29  Dark Templar  
  92  10:30  Adept x2  
  92  10:35  Adept  
  100  10:36  Adept x4  
  98  10:53  Dark Shrine, Adept x3  
  97  10:58  Stalker x4  
  96  11:09  Adept  
  89  11:21  Adept x2  
  89  11:22  Adept x5  
  89  11:39  Stalker x3  
  87  11:57  Adept x2  

Tags
 
Add a new tag
Caveats
  • Supply blocks, unpowered buildings, or Contaminate may cause inaccurate times.
  • Supply counts are checked every 10 seconds.